 Dungeon Crawl Stone Soup version 0.22-a0-110-g5b255cf (webtiles) character file.

342054 HaroldButt the Necromancer (level 21, 165/168 HPs)
             Began as a Demonspawn Gladiator on Sept 4, 2017.
             Was the Champion of Okawaru.
             Quit the game on level 1 of the Depths on Jan 27, 2018.
             The game lasted 03:26:25 (31836 turns).

HaroldButt the Necromancer (Demonspawn Gladiator)  Turns: 31836, Time: 03:26:26

Health: 165/168    AC: 32    Str: 36    XL:     21   Next: 10%
Magic:  30/30      EV: 24    Int: 10    God:    Okawaru [******]
Gold:   745        SH: 10    Dex: 20    Spells: 19/20 levels left

rFire    + . .     SeeInvis .   N - +9 morningstar (pain)
rCold    + . .     Gourm    .   O - +1 buckler "Goir" {rF+ MR+}
rNeg     + . .     Faith    .   j - +9 plate armour "Veal" {Str+6 Dex+2}
rPois    .         Spirit   .   (helmet unavailable)
rElec    .         Reflect  .   Y - scarf {repulsion}
rCorr    .         Harm     .   A - +1 pair of gloves {Str+3}
MR       +++++     Clarity  +   y - +2 pair of boots {Stlth+}
Stlth    ..........             s - amulet of the Four Winds {rN+ MR+++ Clar}
HPRegen  1.38/turn              r - +6 ring of evasion
MPRegen  0.22/turn              H - +6 ring of strength

@: drained, repel missiles
A: horns 3, cold resistance 1, powered by death 3, spiny 2, sanguine armour 2
}: 2/15 runes: decaying, gossamer
a: Heroism, Finesse, Renounce Religion


You were on level 1 of the Depths.
You worshipped Okawaru.
Okawaru was exalted by your worship.
You were not hungry.

You visited 8 branches of the dungeon, and saw 37 of its levels.

You collected 3833 gold pieces.
You spent 3088 gold pieces at shops.


Innate Abilities, Weirdness & Mutations

You have a pair of large horns on your head.
Your flesh is cold resistant. (rC+)
You regenerate a lot of health from kills.
You are mostly covered in sharp spines.
When seriously injured, your bleeding wounds create thick armour. (AC +0)


   Skills:
 - Level 15.0(14.8) Fighting
 - Level 16.0(15.8) Maces & Flails
 - Level 1.7(1.6) Throwing
 - Level 15.0(14.8) Armour
 + Level 12.2(12.1) Dodging
 - Level 15.0(14.8) Shields
 - Level 16.2(16.1) Necromancy
 - Level 12.0(11.8) Invocations


You had 19 spell levels left.
You knew the following spells:

 Your Spells              Type           Power        Failure   Level  Hunger
Z - Animate Skeleton      Necr           N/A          1%          1    ##.....

Inventory:

Hand Weapons
 N - a +9 morningstar of pain (weapon)
 V - the +1 morningstar of Megalomania {antimagic, rN+}

   It reduces the magical energy of the wielder, and disrupts the spells and
   magical abilities of those hit.
   Natural abilities and divine invocations are not affected.
   It protects you from negative energy.
Missiles
 d - a throwing net {=f}
Armour
 j - the +9 plate armour "Veal" (worn) {Str+6 Dex+2}

   It affects your strength (+6).
   It affects your dexterity (+2).
 l - a +0 shield of reflection
 y - a +2 pair of boots of stealth (worn)
 A - a +1 pair of gloves of strength (worn)
 O - the +1 buckler "Goir" (worn) {rF+ MR+}

   It protects you from fire.
   It affects your resistance to hostile enchantments.
 W - a +2 cloak of invisibility
 Y - a scarf of repulsion (worn)
Jewellery
 r - a +6 ring of evasion (left hand)
 s - the amulet of the Four Winds (around neck) {rN+ MR+++ Clar}

   [amulet of nothing]

   It protects you from negative energy.
   It affects your resistance to hostile enchantments.
   It protects you against confusion.
 u - an uncursed ring of protection from magic
 D - an uncursed ring of protection from fire
 E - an uncursed ring of see invisible
 F - an uncursed ring of poison resistance
 H - a +6 ring of strength (right hand)
 P - an uncursed ring of ice
Wands
 b - a wand of disintegration (4)
Scrolls
 a - 9 scrolls of teleportation {@r4}
 e - 9 scrolls of identify {@r1}
 h - 9 scrolls of fog
 k - 2 scrolls of summoning
 p - 5 scrolls of fear
 v - 20 scrolls of remove curse
 K - a scroll of brand weapon
 L - a scroll of vulnerability {!r}
 Q - 2 scrolls of immolation {!r}
 R - 4 scrolls of blinking
 S - 2 scrolls of magic mapping
 U - 4 scrolls of removedness
 Z - 6 scrolls of amnesia
Potions
 c - 6 potions of lignification {!q}
 g - 6 potions of ambrosia
 i - 6 potions of haste {@q3}
 m - a potion of cancellation
 n - 7 potions of flight
 q - 2 potions of berserk rage {!q}
 w - 9 potions of curing {@q1}
 x - 6 potions of heal wounds {@q2}
 z - 2 potions of invisibility
 C - 3 potions of might
 G - 2 potions of resistance
 I - a potion of magic
 J - 5 potions of brilliance
 T - 5 potions of agility
Miscellaneous
 X - a phantom mirror
Comestibles
 f - 18 rations
 o - 20 rations
 t - 4 chunks of flesh
 B - 3 rations

Dungeon Overview and Level Annotations

Branches:
Dungeon (15/15)            Temple (1/1) D:7            Lair (6/6) D:8
  Swamp (4/4) Lair:3       Spider (4/4) Lair:4        Slime (0/5) Lair:5
    Orc (2/2) D:12            Elf (0/3) Orc:2        Vaults (4/5) D:14
  Crypt (0/3) Vaults:2     Depths (1/5) D:15

Altars:
Ashenzari
Fedhas
Gozag
Kikubaaqudgha
Nemelex Xobeh
Okawaru
Qazlal
Sif Muna
Vehumet
Wu Jian
Xom
Yredelemnul
The Shining One
Beogh

Shops:
D:5 (   D:7 *   D:10 (   D:11 (=   D:12 *   Orc:1 *   Orc:2 (=[*   Vaults:1 :
Vaults:2 (   Vaults:3 (   Vaults:4 *

Annotations:
Lair:1 exclusion: 2 oklob plants

≈≈≈≈.......
≈≈≈≈......▒
≈≈≈≈......▒
≈≈≈.......
≈≈....... ........▒
▒▒▒. ▒.......▒▒▒▒▒
.▒... ▒...........▒
▒▒.....
▒....▒▒..6..▒
▒...... ....
▒.....▒▒▒▒...▒▒ .
▒.. ▒....[.▒......▒
.. ▒▒ ▒▒.▒..../..▒
..
▒.((......▒▒▒▒▒▒▒..
▒....▒▒▒..▒..▒..▒..
▒.....▒......▒.....
▒..▒..▒..▒(.▒▒▒[.▒
▒..▒▒▒▒▒▒▒.......▒▒


There were no monsters in sight!


Message History

You are feeling hungry.
You block the spectral swamp worm's attack.
The slime creature is struck by your spines.
The slime creature barely misses you.
You bludgeon the spectral swamp worm!!
The spectral swamp worm is severely damaged.
You block the spectral swamp worm's attack.
You completely miss the spectral swamp worm.
You headbutt the spectral swamp worm, but do no damage.
The spectral swamp worm is severely damaged.
The slime creature is struck by your spines.
The slime creature misses you.
You bludgeon the spectral swamp worm!!
You destroy the spectral swamp worm!
Okawaru accepts your kill.
The slime creature is struck by your spines.
The slime creature closely misses you.
You bludgeon the slime creature!!
The slime creature writhes in agony.
You kill the slime creature!
Okawaru accepts your kill.
Eat one of 5 chunks of flesh? (ye/n/q)
You eat one of the 5 chunks of flesh.
Saving game... please wait.
Warning: Bad stat_color pair: '7' (~/.crawlrc:1202) Warning: Unknown monster: "chaos champion:9" (~/.crawlrc:1362) Welcome back, HaroldButt the Demonspawn Gladiator.
Okawaru says: Bring me glory in combat!
Press ? for a list of commands and other information.
Are you sure you want to abandon this character and quit the game? (Confirm with "yes".)

Action                   |  1- 3 |  4- 6 |  7- 9 | 10-12 | 13-15 | 16-18 | 19-21 || total
-------------------------+-------+-------+-------+-------+-------+-------+-------++-------
Melee: Flail             |    95 |   165 |   280 |    91 |       |       |       ||   631
       Headbutt          |       |       |    58 |   188 |   406 |   397 |   318 ||  1367
       Morningstar       |       |       |       |   578 |  1352 |  1236 |   829 ||  3995
Throw: Throwing net      |       |       |     4 |       |       |       |       ||     4
Invok: Heroism           |       |       |       |     1 |     2 |     3 |       ||     6
       Finesse           |       |       |       |       |     3 |     3 |     6 ||    12
 Abil: Evoke Flight      |       |       |       |       |       |     1 |       ||     1
Evoke: Wand              |       |       |       |       |       |     1 |       ||     1
  Use: Scroll            |     5 |     7 |     9 |     9 |    23 |     5 |     9 ||    67
       Potion            |       |       |     4 |     1 |     1 |     2 |     1 ||     9
 Stab: Sleeping          |     1 |       |       |       |       |       |       ||     1
       Invisible         |       |       |       |     2 |       |       |       ||     2
       Confused          |       |       |       |       |     1 |       |       ||     1
  Eat: Chunk             |     1 |     5 |     7 |    12 |    25 |    14 |     2 ||    66
       Buggy jelly       |       |       |       |     2 |       |     4 |     4 ||    10
       Buggy fruit       |       |       |       |       |    13 |     5 |     4 ||    22
Armor: Leather armour    |    25 |       |       |       |       |       |       ||    25
       Chain mail        |    10 |    48 |    69 |     5 |       |       |       ||   132
       Plate armour      |       |       |       |   174 |   387 |   425 |   178 ||  1164
Dodge: Dodged            |    75 |    81 |   124 |   267 |   659 |   731 |   438 ||  2375
       Deflected         |       |       |       |       |       |     3 |    44 ||    47
Block: Other             |       |    13 |     7 |       |       |       |       ||    20
       Reflection        |       |     1 |       |    12 |    25 |       |       ||    38
       Shield            |       |       |    19 |   485 |       |       |       ||   504
       Buckler           |       |       |       |    23 |   498 |   410 |   278 ||  1209

Vault maps used:
D:1:      dpeg_arrival_three_bigger_balls, minmay_door_square, dk_noncrumbling_3
D:2:      lemuel_crystal_altar
D:3:      gammafunk_temple_overflow_claw,
          nicolae_gozag_cash_rules_everything_around_me
D:4:      cheibrodos_greedy_goblins, first_bread, st_stairs_9
D:5:      ashenzari_conservatory_becter, serial_shops, shop_coins,
          eino_curves_04
D:6:      lemuel_slime, lemuel_crystal_altar, corexii_leaking_fountain,
          uniq_sigmund
D:7:      minmay_temple_entry_glass, serial_shops, shop, the_bakery
D:8:      amethyst_overflow_temple_binary, grunt_lair_entry_orc_guard_hut
D:9:      kennysheep_generic_room_12
D:10:     serial_shops, shop, evilmike_butchery
D:11:     serial_shops, shop, shop, minmay_misc_feat_tower
D:12:     orc_0_dummy, serial_shops, shop
D:13:     basic_altar, hex_large, st_stairs_14, grunt_ministairs_1
D:14:     david_vaults_1, hangedman_decor_riveting
D:15:     hangedman_depths_entry_try_elsewhere_first, serial_park_square2,
          minmay_misc_feat_more_columns
Temple:   jpeg_temple_clearing
Lair:1:   special_room, disabler_island
Lair:2:   grunt_megastairs_3
Lair:3:   swamp_mist_pool, grunt_forest_stairs_clearing
Lair:4:   spider_nest_entry_webs, lemuel_another_geyser, serial_bayou_shore_a,
          grunt_megastairs_4, serial_bayou_shore_b
Lair:5:   dpeg_slime_entry_corner
Lair:6:   minmay_lair_end_enchanted_forest
Swamp:1:  wheals_swamp_sinkhole
Swamp:2:  nicolae_swamp_round_clearing
Swamp:3:  nicolae_swamp_fairy_circle
Swamp:4:  swamp_pestilence, swamp_pool4
Spider:4: spider_rune_water
Orc:1:    serial_shops, shop
Orc:2:    grunt_orc_cross
Vaults:1: vaults_dpeg_diagonal, st_smaller_cells, v_misc_29,
          vaults_room_grunt_arrival_ludios, nicolae_vaults_yaktaur_gun_rack,
          v_misc_30, serial_shops, shop, uniq_jorgrun
Vaults:2: ontoclasm_vaults_ligature, v_misc_16,
          minmay_crypt_entry_nasty_monster, nicolae_vaults_ring_of_whatevers,
          v_misc_1, nicolae_vaults_theta, nicolae_vaults_little_squares_6,
          vaults_dpeg_encased_lava, v_rooms_4, nicolae_vaults_network_s,
          v_alt_pattern_2, v_alt_pattern_2, serial_shops,
          nicolae_shop_window_shopping
Vaults:3: grunt_vaults_funneled_arena, vaults_mumra_chevron_long,
          hangedman_vaults_nails, nicolae_vaults_little_squares_2,
          ontoclasm_vaults_eye, vaults_room_pool, v_misc_27, vaults_room_pools,
          nicolae_vaults_little_squares_3, ontoclasm_vaults_ring_small,
          v_misc_25, nicolae_vaults_rhombus_6, serial_shops, shop
Vaults:4: st_octagons_1, ontoclasm_vaults_ring_small, v_pattern_4,
          nicolae_vaults_little_squares_2, nicolae_vaults_diagonal_hallway_8,
          nicolae_vaults_twisting_passages, v_misc_11,
          hangedman_vaults_stretched_pinwheel, v_misc_8,
          nicolae_vaults_angled_halls, nicolae_vaults_rhombus_6,
          hangedman_vaults_maws, serial_shops, shop
Depths:1: hangedman_cross_cluster, pf_hell_entry_tar_river, st_stairs_5,
          kennysheep_two_boxes

Notes
Turn   | Place    | Note
-------+----------+-------------------------------------------
     0 | D:1      | HaroldButt the Demonspawn Gladiator began the quest for the Orb.
     0 | D:1      | Reached XP level 1. HP: 16/16 MP: 1/1
   152 | D:1      | Reached skill level 3 in Maces & Flails
   179 | D:1      | Gained mutation: You are partially covered in sharp spines. [demonic ancestry]
   179 | D:1      | Reached XP level 2. HP: 15/22 MP: 2/2
   800 | D:1      | Gained mutation: You regenerate a little health from kills. [demonic ancestry]
   800 | D:1      | Reached XP level 3. HP: 26/27 MP: 3/3
   989 | D:2      | Found an opulent altar of Gozag.
  1035 | D:2      | Reached skill level 4 in Maces & Flails
  1200 | D:2      | Reached XP level 4. HP: 33/33 MP: 4/4
  1654 | D:3      | Found an opulent altar of Gozag.
  1709 | D:3      | Reached skill level 5 in Maces & Flails
  1726 | D:3      | Gained mutation: You regenerate health from kills. [demonic ancestry]
  1726 | D:3      | Reached XP level 5. HP: 30/38 MP: 5/5
  1864 | D:3      | Found a radiant altar of Vehumet.
  1864 | D:3      | Found a deep blue altar of Sif Muna.
  1865 | D:3      | Found a stormy altar of Qazlal.
  2077 | D:4      | Identified A Beginning Course on Hermeneutics
  2221 | D:4      | Noticed an ogre
  2229 | D:4      | Killed an ogre
  2229 | D:4      | Reached skill level 6 in Maces & Flails
  2229 | D:4      | Gained mutation: You are mostly covered in sharp spines. [demonic ancestry]
  2229 | D:4      | Reached XP level 6. HP: 39/44 MP: 6/6
  2542 | D:4      | Reached skill level 7 in Maces & Flails
  2774 | D:5      | Entered Level 5 of the Dungeon
  2834 | D:5      | Noticed an ice beast
  2863 | D:5      | Killed an ice beast
  2863 | D:5      | Gained mutation: You have a pair of small horns on your head. [demonic ancestry]
  2863 | D:5      | Reached XP level 7. HP: 23/50 MP: 4/7
  2888 | D:5      | Found a shattered altar of Ashenzari.
  2981 | D:5      | Found Atazoxyach's Weapon Emporium.
  3486 | D:5      | Reached skill level 8 in Maces & Flails
  3707 | D:6      | Noticed Sigmund
  3725 | D:6      | Killed Sigmund
  3725 | D:6      | Reached skill level 9 in Maces & Flails
  3725 | D:6      | Reached XP level 8. HP: 52/56 MP: 6/8
  3734 | D:6      | Found an ancient bone altar of Kikubaaqudgha.
  3888 | D:6      | Noticed a slime creature
  3912 | D:6      | Killed a slime creature
  3912 | D:6      | Reached skill level 10 in Maces & Flails
  3925 | D:6      | Reached skill level 1 in Armour
  4000 | D:6      | Reached skill level 2 in Armour
  4014 | D:6      | Reached skill level 3 in Armour
  4217 | D:7      | Found a staircase to the Ecumenical Temple.
  4227 | D:7      | Reached skill level 4 in Armour
  4232 | Temple   | Entered the Ecumenical Temple
  4257 | Temple   | Became a worshipper of Warmaster Okawaru
  4366 | D:7      | Reached XP level 9. HP: 57/61 MP: 9/9
  4454 | D:7      | Found Nesyfretz's Assorted Antiques.
  4473 | D:7      | Bought a glowing bronze wand for 80 gold pieces
  4473 | D:7      | Bought a scroll of identify for 40 gold pieces
  4473 | D:7      | Bought a scroll labeled FIXEUDAL GAFA for 20 gold pieces
  4473 | D:7      | Bought a scroll labeled NEIMIJ GAGUSEA for 20 gold pieces
  4473 | D:7      | Bought a scroll of identify for 40 gold pieces
  4474 | D:7      | Identified a potion of resistance
  4520 | D:7      | Reached skill level 5 in Armour
  4685 | D:7      | Reached * piety under Okawaru
  4693 | D:7      | Reached skill level 6 in Armour
  4740 | D:7      | Reached skill level 1 in Shields
  4758 | D:7      | Reached skill level 2 in Shields
  4827 | D:7      | Reached skill level 3 in Shields
  4909 | D:8      | Reached skill level 4 in Shields
  4956 | D:8      | Identified a potion of experience
  4957 | D:8      | Reached skill level 10 in Shields
  4957 | D:8      | Gained mutation: You have a pair of horns on your head. [demonic ancestry]
  4957 | D:8      | Reached XP level 10. HP: 67/67 MP: 10/10
  5150 | D:8      | Reached skill level 3 in Fighting
  5158 | D:8      | Found a sparkling altar of Nemelex Xobeh.
  5158 | D:8      | Found a basalt altar of Yredelemnul.
  5274 | D:8      | Reached ** piety under Okawaru
  5305 | D:8      | Reached skill level 4 in Fighting
  5367 | D:8      | Found a staircase to the Lair.
  5592 | Lair:1   | Entered Level 1 of the Lair of Beasts
  6020 | Lair:1   | Reached skill level 5 in Fighting
  6031 | Lair:1   | Gained mutation: You regenerate a lot of health from kills. [demonic ancestry]
  6031 | Lair:1   | Reached XP level 11. HP: 79/80 MP: 9/11
  6115 | Lair:1   | Noticed an oklob plant
  6117 | Lair:1   | Noticed an oklob plant
  6118 | Lair:1   | Noticed an oklob plant
  6131 | Lair:1   | Killed an oklob plant
  6131 | Lair:1   | Reached skill level 6 in Fighting
  6612 | Lair:2   | Reached *** piety under Okawaru
  6618 | Lair:1   | Reached skill level 7 in Fighting
  6848 | Lair:2   | Reached skill level 8 in Fighting
  6872 | Lair:2   | Reached **** piety under Okawaru
  6881 | Lair:2   | Reached skill level 9 in Fighting
  7212 | Lair:2   | Reached skill level 10 in Fighting
  7222 | Lair:2   | Reached skill level 3 in Dodging
  7228 | Lair:2   | Reached ***** piety under Okawaru
  7385 | Lair:2   | Reached skill level 4 in Dodging
  7472 | Lair:3   | Reached skill level 5 in Dodging
  7473 | Lair:3   | Received a gift from Okawaru
  7476 | Lair:3   | Reached XP level 12. HP: 97/97 MP: 6/12
  7697 | Lair:2   | Reached skill level 6 in Dodging
  7832 | Lair:3   | Reached skill level 7 in Dodging
  7980 | Lair:3   | Reached skill level 8 in Dodging
  8133 | Lair:3   | Found a staircase to the Swamp.
  8621 | Lair:4   | Received a gift from Okawaru
  8630 | Lair:4   | Reached skill level 11 in Maces & Flails
  8678 | Lair:4   | Got a dazzling buckler {god gift}
  8701 | Lair:4   | Identified the +1 buckler "Goir" {rF+ MR+} (Okawaru gifted it to you on level 4 of the Lair of Beasts)
  8959 | Lair:4   | Found a hole to the Spider Nest.
  9530 | Lair:5   | Reached skill level 12 in Maces & Flails
  9552 | Lair:5   | Reached XP level 13. HP: 103/103 MP: 13/13
  9836 | Lair:5   | Reached ****** piety under Okawaru
 10081 | Lair:5   | Found a staircase to the Slime Pits.
 10276 | Lair:6   | Entered Level 6 of the Lair of Beasts
 10360 | Lair:6   | Received a gift from Okawaru
 10363 | Lair:6   | Got a smoking morningstar {god gift}
 10365 | Lair:6   | Identified the +1 morningstar of Megalomania {antimagic, rN+} (Okawaru gifted it to you on level 6 of the Lair of Beasts)
 10418 | Lair:5   | Reached skill level 13 in Maces & Flails
 10737 | Lair:6   | Paralysed by a hornet for 2 turns
 10775 | Lair:6   | Reached skill level 14 in Maces & Flails
 10790 | Lair:6   | Identified a scroll of acquirement
 11103 | Lair:6   | Received a gift from Okawaru
 11103 | Lair:6   | Reached skill level 15 in Maces & Flails
 11108 | Lair:6   | Got a brightly glowing hat {god gift}
 11118 | Lair:6   | Gained mutation: When seriously injured, your bleeding wounds create armour. (AC +0) [demonic ancestry]
 11118 | Lair:6   | Reached XP level 14. HP: 73/110 MP: 4/14
 11150 | Lair:6   | Identified the +0 hat "Pekhoime" {*Corrode Int+2 Slay+5} (Okawaru gifted it to you on level 6 of the Lair of Beasts)
 12337 | D:10     | Entered Level 10 of the Dungeon
 12663 | D:10     | Found Upsoiz's Weapon Boutique.
 13237 | D:11     | Found Melonot's Weapon Emporium.
 13574 | D:11     | Found Vumnifuo's Jewellery Boutique.
 13585 | D:11     | Bought the amulet of the Four Winds {rN+ MR+++ Clar} for 526 gold pieces
 13585 | D:11     | Found the amulet of the Four Winds {rN+ MR+++ Clar}
 13585 | D:11     | Bought an uncursed ring of see invisible for 180 gold pieces
 13585 | D:11     | Bought an uncursed ring of poison resistance for 240 gold pieces
 13646 | D:12     | Found a staircase to the Orcish Mines.
 13652 | Orc:1    | Entered Level 1 of the Orcish Mines
 13675 | Orc:1    | Reached skill level 16 in Maces & Flails
 13708 | Orc:1    | Reached skill level 1 in Invocations
 13752 | Orc:1    | Reached skill level 2 in Invocations
 13758 | Orc:1    | Reached skill level 3 in Invocations
 13759 | Orc:1    | Found Pinof's General Store.
 13978 | Orc:2    | Entered Level 2 of the Orcish Mines
 14007 | Orc:2    | Upgraded the game from 0.21-a0-243-g597973d to 0.21-a0-258-g4c0eb85
 14067 | Orc:2    | Reached skill level 4 in Invocations
 14098 | Orc:2    | Reached skill level 5 in Invocations
 14176 | Orc:2    | Noticed an orc warlord
 14190 | Orc:2    | Reached skill level 6 in Invocations
 14199 | Orc:2    | Killed an orc warlord
 14208 | Orc:2    | Found a roughly hewn altar of Beogh.
 14215 | Orc:2    | Reached skill level 7 in Invocations
 14261 | Orc:2    | Found Buakhlih's Jewellery Shoppe.
 14277 | Orc:2    | Found Himm's General Store.
 14288 | Orc:2    | Found Ysoon's Antique Armour Shoppe.
 14351 | Orc:2    | Found Xukhlats's Antique Weapon Shoppe.
 14375 | Orc:2    | Found a staircase to the Elven Halls.
 14388 | Orc:2    | Reached skill level 8 in Invocations
 14895 | D:12     | Reached skill level 9 in Invocations
 15083 | D:12     | Found Waciec's Assorted Antiques.
 15091 | D:12     | Bought a scroll of identify for 52 gold pieces
 15091 | D:12     | Bought a scroll of identify for 52 gold pieces
 15091 | D:12     | Bought a scroll of fear for 91 gold pieces
 15091 | D:12     | Bought a scroll of teleportation for 78 gold pieces
 15146 | D:12     | Received a gift from Okawaru
 15600 | D:13     | Reached skill level 10 in Invocations
 15745 | D:13     | Reached skill level 11 in Invocations
 15959 | D:13     | Found a stormy altar of Qazlal.
 16257 | D:14     | Received a gift from Okawaru
 16263 | D:14     | Reached XP level 15. HP: 113/115 MP: 7/23
 16290 | D:14     | Reached skill level 12 in Invocations
 16692 | D:14     | Found a gate to the Vaults.
 16816 | D:15     | Entered Level 15 of the Dungeon
 16872 | D:15     | Reached skill level 7 in Armour
 16962 | D:15     | Found a staircase to the Depths.
 17026 | D:15     | Reached skill level 8 in Armour
 17436 | D:15     | Received a gift from Okawaru
 17540 | D:15     | Reached skill level 9 in Armour
 17727 | D:10     | Learned a level 1 spell: Animate Skeleton
 17850 | Swamp:1  | Entered Level 1 of the Swamp
 18543 | Swamp:2  | Reached skill level 10 in Armour
 18637 | Swamp:2  | Noticed a thorn hunter
 18652 | Swamp:2  | Killed a thorn hunter
 18778 | Swamp:2  | Reached skill level 11 in Armour
 19389 | Swamp:3  | Received a gift from Okawaru
 19679 | Swamp:3  | Reached skill level 12 in Armour
 19686 | Swamp:3  | Reached XP level 16. HP: 118/122 MP: 25/25
 19723 | Swamp:3  | Reached skill level 1 in Necromancy
 19760 | Swamp:3  | Noticed a thorn hunter
 19781 | Swamp:3  | Killed a thorn hunter
 19781 | Swamp:3  | Reached skill level 2 in Necromancy
 19988 | Swamp:4  | Entered Level 4 of the Swamp
 20022 | Swamp:4  | Reached skill level 3 in Necromancy
 20043 | Swamp:4  | Reached skill level 4 in Necromancy
 20163 | Swamp:4  | Reached skill level 5 in Necromancy
 20700 | Spider:1 | Entered Level 1 of the Spider Nest
 20724 | Spider:1 | Reached skill level 6 in Necromancy
 21171 | Spider:1 | Reached skill level 7 in Necromancy
 21729 | Spider:2 | Reached skill level 8 in Necromancy
 21813 | Spider:2 | Reached skill level 9 in Necromancy
 21863 | Spider:2 | Received a gift from Okawaru
 22001 | Spider:2 | Reached skill level 10 in Necromancy
 22368 | Spider:3 | Reached skill level 11 in Necromancy
 22998 | Spider:3 | Received a gift from Okawaru
 23200 | Spider:4 | Entered Level 4 of the Spider Nest
 23293 | Spider:4 | Reached skill level 12 in Necromancy
 23674 | Spider:4 | Gained mutation: Your flesh is cold resistant. (rC+) [demonic ancestry]
 23674 | Spider:4 | Reached XP level 17. HP: 127/130 MP: 26/26
 23720 | Spider:4 | Reached skill level 11 in Fighting
 24239 | Spider:4 | Reached skill level 12 in Fighting
 24251 | Spider:4 | Received a gift from Okawaru
 24295 | Spider:4 | Got a gossamer rune of Zot
 24379 | Spider:4 | Reached skill level 9 in Dodging
 24911 | Swamp:4  | Noticed a bone dragon
 24926 | Swamp:4  | Reached skill level 10 in Dodging
 24941 | Swamp:4  | Killed a bone dragon
 25032 | Swamp:4  | Got a decaying rune of Zot
 25383 | Orc:2    | Bought a faintly humming plate armour for 784 gold pieces
 25394 | Orc:2    | Identified the +9 plate armour "Veal" {Str+6 Dex+2} (You bought it in a shop on level 2 of the Orcish Mines)
 25492 | Vaults:1 | Entered Level 1 of the Vaults
 25554 | Vaults:1 | Received a gift from Okawaru
 25656 | Vaults:1 | Reached skill level 11 in Dodging
 25665 | Vaults:1 | Noticed Jorgrun
 25673 | Vaults:1 | Killed Jorgrun
 25859 | Vaults:1 | Found Jotanol's Book Emporium.
 26009 | Vaults:1 | Reached skill level 12 in Dodging
 26075 | Vaults:1 | Reached skill level 11 in Shields
 26112 | Vaults:1 | Reached XP level 18. HP: 138/140 MP: 27/27
 26388 | Vaults:1 | Reached skill level 12 in Shields
 26399 | Vaults:1 | Received a gift from Okawaru
 26843 | Vaults:1 | Reached skill level 13 in Shields
 26872 | Vaults:1 | Received a gift from Okawaru
 27191 | Vaults:2 | Reached skill level 14 in Shields
 27365 | Vaults:2 | Noticed a lich
 27388 | Vaults:2 | Noticed a Hell Sentinel
 27395 | Vaults:2 | Killed a lich
 27395 | Vaults:2 | Received a gift from Okawaru
 27632 | Vaults:2 | Found Anacap's Antique Weapon Boutique.
 27635 | Vaults:2 | Bought an ancient morningstar for 360 gold pieces
 27639 | Vaults:2 | Identified the +9 morningstar "Ymeaw" {venom, *Noise MR- Str+9 Int+5} (You bought it in a shop on level 2 of the Vaults)
 27756 | Vaults:2 | Reached skill level 15 in Shields
 27952 | Vaults:2 | Found a staircase to the Crypt.
 28159 | Vaults:2 | Gained mutation: When seriously injured, your bleeding wounds create thick armour. (AC +0) [demonic ancestry]
 28159 | Vaults:2 | Reached XP level 19. HP: 146/147 MP: 28/28
 28330 | Vaults:3 | Reached skill level 13 in Fighting
 28418 | Vaults:3 | Noticed a lich
 28433 | Vaults:3 | Killed a lich
 28503 | Vaults:3 | Received a gift from Okawaru
 28511 | Vaults:3 | Reached skill level 14 in Fighting
 28663 | Vaults:3 | Found Fenuere's Weapon Shoppe.
 28794 | Vaults:3 | Received a gift from Okawaru
 28908 | Vaults:3 | Reached skill level 15 in Fighting
 29550 | Vaults:4 | Reached skill level 13 in Armour
 29615 | Vaults:4 | HP: 12/155 [ettin/dire flail (53)]
 29678 | Vaults:4 | Reached XP level 20. HP: 136/162 MP: 29/29
 29722 | Vaults:4 | Reached skill level 14 in Armour
 29727 | Vaults:4 | Upgraded the game from 0.21-a0-258-g4c0eb85 to 0.21-a0-260-g9b2435e
 29750 | Vaults:4 | Identified a +2 crystal plate armour (Okawaru gifted it to you on level 3 of the Vaults)
 29946 | Vaults:4 | Received a gift from Okawaru
 30146 | Vaults:4 | Reached skill level 15 in Armour
 30505 | Vaults:4 | Found Xoirchyvi's Assorted Antiques.
 30509 | Vaults:4 | Reached skill level 13 in Necromancy
 30516 | Vaults:4 | Bought a scroll of blinking for 315 gold pieces
 30516 | Vaults:4 | Bought a moonstone ring for 210 gold pieces
 30601 | Vaults:4 | Received a gift from Okawaru
 31135 | Depths:1 | Entered Level 1 of the Depths
 31187 | Depths:1 | Reached skill level 14 in Necromancy
 31300 | Depths:1 | Found a shimmering altar of Xom.
 31301 | Depths:1 | Noticed a caustic shrike
 31310 | Depths:1 | Killed a caustic shrike
 31477 | Depths:1 | Reached skill level 15 in Necromancy
 31750 | Depths:1 | Gained mutation: You have a pair of large horns on your head. [demonic ancestry]
 31750 | Depths:1 | Reached XP level 21. HP: 168/168 MP: 30/30
 31752 | Depths:1 | Noticed a juggernaut
 31775 | Depths:1 | Killed a juggernaut
 31775 | Depths:1 | Reached skill level 16 in Necromancy
 31836 | Depths:1 | Upgraded the game from 0.21-a0-260-g9b2435e to 0.22-a0-110-g5b255cf
 31836 | Depths:1 | Quit the game

Vanquished Creatures
  A juggernaut (Depths:1)
  A caustic shrike (Depths:1)
  A bone dragon (Swamp:4)
  Jorgrun (Vaults:1)
  5 liches
  A titan (Vaults:4)
  2 sphinxes
  2 tengu reavers
  2 thorn hunters
  2 shadow dragons
  A storm dragon (Vaults:4)
  2 deep elf sorcerers
  A fire giant (Depths:1)
  9 vault wardens
  An orc warlord (Orc:2)
  3 frost giants
  5 ghost moths
  3 emperor scorpions (Spider:4)
  17 ironheart preservers
  2 very ugly things (Depths:1)
  13 stone giants
  A deep elf demonologist (Vaults:1)
  A deep elf annihilator (Vaults:1)
  A dire elephant (D:15)
  2 spark wasps (Spider:4)
  3 jiangshi (Depths:1)
  2 deep elf death magi
  4 ettins
  5 fire dragons
  5 great orbs of eyes
  12 vault guards
  4 rakshasas
  3 ice dragons
  8 yaktaur captains
  9 hydras
  A spriggan air mage (Depths:1)
  11 ogre magi
  A catoblepas (D:15)
  13 centaur warriors
  An anaconda (shapeshifter) (D:13)
  29 two-headed ogres
  2 ghost crabs
  2 vampire magi (Depths:1)
  6 death yaks (Lair:6)
  5 tengu warriors
  3 death knights
  7 alligators
  An orc high priest (Orc:2)
  4 deep troll earth magi
  5 hell knights (Depths:1)
  6 deep elf knights
  6 skeletal warriors (Vaults:1)
  A spriggan druid (Swamp:4)
  14 deep trolls
  3 spectral hydras (Swamp:4)
  3 shambling mangroves
  7 deep elf archers
  2 glowing orange brains (Depths:1)
  2 flayed ghosts
  4 swamp dragons
  2 wizards
  A tengu zombie (Vaults:3)
  3 necromancers
  18 ironbrand convokers
  2 phantasmal warriors (Swamp:4)
  17 orb spiders
  5 orc sorcerers
  14 orc knights
  A stone giant zombie (Vaults:3)
  2 orb spiders (shapeshifter) (Vaults:2)
  A manticore (D:15)
  32 ugly things
  2 oklob plants
  32 wolf spiders
  2 cyclopes
  A centaur zombie (D:15)
  13 deep elf magi
  A moth of wrath (shapeshifter) (Vaults:4)
  2 moths of wrath
  A fire giant skeleton (Vaults:3)
  4 elephants
  16 vault sentinels
  A torpor snail (Lair:5)
  5 black mambas
  2 gargoyles
  16 spiny frogs
  A spiny frog (shapeshifter) (Vaults:2)
  3 spectral swamp worms (Depths:1)
  A kobold demonologist (D:13)
  9 demonic crawlers
  4 komodo dragons
  A rime drake (Lair:4)
  A swamp worm zombie (Swamp:4)
  35 yaktaurs
  A human skeleton (Vaults:3)
  2 tengu conjurers
  5 freezing wraiths
  4 hydra zombies (Swamp:4)
  A queen bee (shapeshifter) (D:15)
  A troll (shapeshifter) (D:15)
  9 meliai
  9 polar bears
  A queen bee (Lair:1)
  9 trolls
  4 tyrant leeches
  A merfolk (D:15)
  42 jumping spiders
  18 hornets
  A blink frog (shapeshifter) (Depths:1)
  11 bog bodies
  A wolf spider simulacrum (D:15)
  5 alligator zombies (Swamp:4)
  2 stone giant simulacra (Vaults:3)
  40 blink frogs
  14 dream sheep (Lair:6)
  42 slime creatures
  11 hippogriffs
  A spectral swamp dragon (Swamp:4)
  38 redbacks
  A centaur simulacrum (D:15)
  A vampire (D:13)
  22 spriggans
  Sigmund (D:6)
  2 wraiths
  62 yaks
  A yak (shapeshifter) (Vaults:1)
  22 tarantellas
  3 wyverns
  2 basilisks
  2 yaktaur simulacra
  19 swamp worms
  11 insubstantial wisps
  20 vampire mosquitoes
  7 wargs
  2 acid dragons
  12 water moccasins
  6 porcupines
  7 swamp drakes
  4 black bears
  31 orc warriors
  An eye of draining (D:14)
  3 ice beasts
  A black bear (shapeshifter) (Depths:1)
  An ogre (shapeshifter) (Vaults:2)
  4 sky beasts
  6 phantoms (Swamp:4)
  3 swamp dragon zombies (Swamp:4)
  8 boggarts
  28 ogres
  23 wolves
  25 centaurs
  A big kobold (D:10)
  16 crocodiles
  21 bullfrogs
  7 scorpions
  21 killer bees
  12 wights
  An electric eel (Lair:4)
  A howler monkey (D:8)
  7 crimson imps
  2 quasits
  7 hounds
  7 jellies
  A gnoll shaman (D:9)
  2 bullfrog skeletons
  15 orc priests
  5 centaur skeletons
  20 orc wizards
  2 spectral swamp drakes (Swamp:4)
  An iguana (D:14)
  13 worker ants
  3 hound zombies
  A hound skeleton (D:6)
  A worker ant zombie (D:5)
  13 adders
  8 gnolls
  2 swamp drake zombies (Swamp:4)
  3 shadow imps
  17 oozes (D:6)
  A worm (D:2)
  3 adder skeletons
  2 dart slugs
  6 leopard geckos
  80 orcs
  11 bats
  6 giant cockroaches
  14 goblins
  8 hobgoblins
  20 jackals
  10 kobolds
  4 quokkas
  A ball python (D:1)
  6 frilled lizards
  A jackal zombie (D:8)
  A leopard gecko skeleton (D:4)
  2 leopard gecko zombies (D:5)
  A quokka skeleton (D:7)
  7 rats
  A plant (Lair:1)
1534 creatures vanquished.

Vanquished Creatures (others)
  A shadow wraith (Vaults:4)
  A deep elf mage (Vaults:3)
  A vampire mosquito (Swamp:2)
  An insubstantial wisp (Swamp:4)
  An orc warrior (Vaults:3)
  3 centaurs (D:11)
  3 briar patches (Swamp:3)
  31 fungi
  13 plants
55 creatures vanquished.

Grand Total: 1589 creatures vanquished
